 Dungeon Crawl Stone Soup version 0.30.0 (webtiles) character file.

Game seed: 3141326829111663726

597 bdicievn the Ruffian (level 7, -6/67 HPs)
             Began as a Troll Fighter on Dec 28, 2023.
             Mangled by a gnoll bouda
             ... wielding a +0 club
              (9 damage)
             ... on level 5 of the Dungeon.
             The game lasted 00:15:33 (3436 turns).

bdicievn the Ruffian (Troll Fighter)                Turns: 3436, Time: 00:15:34

Health: -6/67      AC:  5    Str: 27    XL:     7   Next: 17%
Magic:  6/6        EV:  9    Int:  4    God:
Gold:   69         SH:  8    Dex:  9    Spells: 6/6 levels left

rFire   . .          .
                       - Unarmed
rCold   . . .        b - +0 kite shield
rNeg    . . .        a - +0 robe
rPois   .            (helmet restricted)
rElec   .            d - +0 cloak
rCorr   .            (gloves unavailable)
SInv    .            (boots unavailable)
Will    .....        (no amulet)
Stlth   +            i - ring of wizardry
HPRegen 1.11/turn    (no ring)
MPRegen 0.10/turn

%: wizardry (x1)
@: weakened
A: large, unfitting armour, claws 3, regeneration 1, shaggy fur 1, tough skin 1
a: no special abilities


You were on level 5 of the Dungeon.
You visited 1 branch of the dungeon, and saw 5 of its levels.

You collected 69 gold pieces.

Inventory:

Hand Weapons
 c - a +0 dagger of venom
 p - a +0 scythe
Armour
 a - a +0 robe (worn)
 b - a +0 kite shield (worn)
 d - a +0 cloak (worn)
Jewellery
 i - a ring of wizardry (left claw)
Scrolls
 e - a scroll of brand weapon
 g - a scroll of torment {unknown}
 j - a scroll of amnesia {unknown}
 k - a scroll of teleportation {unknown}
 l - a scroll of poison {unknown}
 o - a scroll of noise
 r - 2 scrolls of butterflies
Potions
 f - a potion of cancellation
 h - 2 potions of curing
 m - a potion of flight


   Skills:
 + Level 3.1 Fighting
 + Level 0.2 Short Blades
 + Level 4.0 Dodging
 + Level 0.1 Stealth
 + Level 4.0 Shields
 + Level 5.4 Unarmed Combat


You had 6 spell levels left.
You didn't know any spells.
Your spell library contained the following spells:

 Spells                   Type           Power      Damage    Failure   Level
 Blink                    Tloc           0%         N/A       52%         2
 Lesser Beckoning         Tloc           0%         N/A       52%         2
 Momentum Strike          Conj/Tloc      0%         3d8       52%         2


Dungeon Overview and Level Annotations

Branches:
Dungeon (5/15)
 Temple: D:4-7

Altars:
Nemelex Xobeh
Vehumet

Portals:
Ossuary: D:4


Innate Abilities, Weirdness & Mutations

You are too large for most types of armour.
You have claws for hands.
Your natural rate of healing is unusually fast.
You are covered in fur. (AC +1)
You have tough skin. (AC +1)


Message History

You feel as though you will be weak longer.
You block the gnoll bouda's attack.
You feel better. You block the gnoll's attack. The gnoll completely misses you.
You block the gnoll's attack.
The gnoll bouda hits you with a +0 club.
You claw the gnoll bouda!
The gnoll bouda is heavily wounded.
The gnoll closely misses you. The gnoll hits you with a +0 club. x2
You block the gnoll bouda's attack.
You barely miss the gnoll bouda.
The gnoll bouda is heavily wounded.
The gnoll barely misses you. The gnoll completely misses you.
The gnoll hits you with a +0 club.
The gnoll bouda hits you with a +0 club.
You scratch the gnoll bouda.
The gnoll bouda is severely wounded.
The gnoll barely misses you. You block the gnoll's attack.
The gnoll hits you with a +0 club.
The gnoll bouda mumbles some strange prayers to its god.
The gnoll bouda is healed somewhat.
You scratch the gnoll bouda.
The gnoll bouda is severely wounded.
The gnoll hits you from afar with a +0 halberd.
* * * LOW HITPOINT WARNING * * *
The gnoll hits you with a +0 club.
* * * LOW HITPOINT WARNING * * *
You block the gnoll's attack. The gnoll bouda barely misses you.
The gnoll attacks as you move away! The gnoll hits you with a +0 club.
* * * LOW HITPOINT WARNING * * *
The gnoll bouda hits you with a +0 club.
* * * LOW HITPOINT WARNING * * *
The gnoll barely misses you.
You scratch the gnoll bouda.
The gnoll bouda is almost dead.
The gnoll hits you with a +0 club.
* * * LOW HITPOINT WARNING * * *
The gnoll bouda gazes fiercely through you!
You feel as though you will be weak longer.
The gnoll bouda hits you with a +0 club!
You die...

##....#.......#
#.....'.......#
+.....#.......#####+
#.....#.............
#######.......†.....
#...................
.#####...................
.........................
.......g@...#######......
......ggg...# #......
............# ######.
............# .
######......# #......#
#......# #......#
#......#


You could see a gnoll bouda and 3 gnolls.

Vanquished Creatures
  Grinder (D:3)
  Sigmund (D:2)
  An ogre (D:3)
  3 adders (D:2)
  7 gnolls
  3 dart slugs
  An orc (D:3)
  5 bats
  3 endoplasms
  3 giant cockroaches
  6 hobgoblins
  4 quokkas
  9 ball pythons
  2 frilled lizards
  3 goblins
  5 kobolds
  8 rats
65 creatures vanquished.

Notes
Turn   | Place    | Note
-------+----------+-------------------------------------------
     0 | D:1      | bdicievn the Troll Fighter began the quest for the Orb.
     0 | D:1      | Reached XP level 1. HP: 22/22 MP: 0/0
   257 | D:1      | Reached XP level 2. HP: 26/29 MP: 1/1
   819 | D:2      | Reached XP level 3. HP: 36/36 MP: 2/2
  1391 | D:2      | Noticed Sigmund
  1435 | D:2      | Killed Sigmund
  1436 | D:2      | Reached skill level 4 in Unarmed Combat
  1436 | D:2      | Reached XP level 4. HP: 29/45 MP: 3/3
  1436 | D:2      | Reached XP level 5. HP: 35/53 MP: 4/4
  2613 | D:3      | Noticed an ogre
  2625 | D:3      | Killed an ogre
  2626 | D:3      | Reached XP level 6. HP: 20/61 MP: 5/5
  2715 | D:3      | Noticed Grinder
  2721 | D:3      | Paralysed by Grinder for 5 turns
  2731 | D:3      | Paralysed by Grinder for 2 turns
  2744 | D:3      | Killed Grinder
  2745 | D:3      | Reached skill level 5 in Unarmed Combat
  2745 | D:3      | Reached XP level 7. HP: 28/67 MP: 6/6
  2954 | D:3      | Found a sparkling altar of Nemelex Xobeh.
  3346 | D:4      | Found a sand-covered staircase.
  3377 | D:4      | Found a radiant altar of Vehumet.
  3390 | D:5      | Entered Level 5 of the Dungeon
  3436 | D:5      | HP: 3/67 [gnoll/+0 club[a gnoll bouda] (6)]
  3436 | D:5      | Mangled by a gnoll bouda

Illustrated notes

Levels and vault maps discovered:
D:1:      dpeg_arrival_lava_altar, layout_basic
D:2:      layout_basic, uniq_sigmund
D:3:      layout_basic, nicolae_hepliaklqana_monster_ancestors,
          lemuel_coloured_pillars_altar, st_stairs_6, uniq_grinder
D:4:      layout_cave_pools, general_overflow_altar, yredelemnul_altar_generic,
          nicolae_overflow_crystal_walls, nicolae_overflow_hidden_temple,
          lightli_ossuary_entry_decrepit_ruins, uniq_robin
D:5:      layout_gridville, lemuel_crystal_altar, solitary_fountain

Skill      XL: |  1  2  3  4  5  6 |
---------------+-------------------+-----
Shields        | 3 4 |  4.0
Dodging        | 3 4 |  4.0
Fighting       | 3 |  3.1
Unarmed Combat | 4 5 |  5.4
Short Blades   | |  0.2
Stealth        | |  0.1

Action                     |  1- 3 |  4- 6 |  7- 9 || total
---------------------------+-------+-------+-------++-------
  Melee: Unarmed           |   117 |    34 |    52 ||   203
         Dagger            |       |    13 |       ||    13
    Use: Potion            |     4 |     8 |     2 ||    14
         Scroll            |       |     3 |       ||     3
 Armour: Robe              |    41 |    13 |    10 ||    64
  Dodge: Dodged            |    40 |    10 |    29 ||    79
  Block: Kite shield       |    39 |    23 |    23 ||    85
